 Dungeon Crawl Stone Soup version bcrawl-1.13.4 (webtiles) character file.

Game seed: 7287297233805954085

4 Dracia the Stinger (level 1, 0/14 HPs)
             Began as a Draconian Venom Mage on Aug 15, 2019.
             Slain by a leopard gecko (4 damage)
             ... on level 1 of the Dungeon.
             The game lasted 00:00:20 (113 turns).

Dracia the Stinger (Draconian Venom Mage)            Turns: 113, Time: 00:00:20

Health: 0/14       AC:  4    Str: 10    XL:     1   Next: 58%
Magic:  1/3        EV: 12    Int: 15    God:
Gold:   13         SH:  0    Dex: 11    Spells: 3/4 levels left

rFire    . . .     SeeInvis .   (no weapon)
rCold    . . .     Gourm    .   (no shield)
rNeg     . . .     Faith    .   (armour unavailable)
rPois    .         Spirit   .   (helmet restricted)
rElec    .         Reflect  .   (no cloak)
rCorr    .         Harm     .   (no gloves)
MR       .....                  (no boots)
Stlth    ++........             (no amulet)
HPRegen  0.04/turn              (no ring)
MPRegen  0.08/turn              (no ring)

@: no status effects
A: unfitting armour, cold-blooded, AC +4
a: no special abilities


You were on level 1 of the Dungeon.
You were not hungry.

You visited 1 branch of the dungeon, and saw 1 of its levels.

You collected 13 gold pieces.


Innate Abilities, Weirdness & Mutations

Your plain brown scales are hard. (AC +4)
You cannot fit into any form of body armour.
You are cold-blooded and may be slowed by cold attacks.


   Skills:
 + Level 1.8 Dodging
 + Level 2.1 Stealth
 + Level 2.0 Spellcasting
 + Level 1.1 Conjurations
 + Level 3.0 Poison Magic


You had 3 spell levels left.
You knew the following spells:

 Your Spells              Type           Power        Failure   Level  Hunger
a - Sting                 Conj/Pois      #...         10%         1    #......

Your spell library contained the following spells:

 Spells                   Type           Power        Failure   Level  Hunger
 Poisonous Vapours        Pois/Air       #.....       19%         2    ###....
 Ignite Poison            Fire/Tmut/Pois #.......     41%         3    ###....
 Olgreb's Toxic Radiance  Pois           ##......     52%         4    #####..
 Summon Scorpions         Summ/Pois      #.......     75%         4    #####..
 Venom Bolt               Conj/Pois      #.........   95%         5    ######.

Inventory:

Potions
 b - a potion of berserk rage
 c - a potion of degeneration {!q}
Comestibles
 a - a chunk of flesh {@*1}
 d - a ration {!d}

Dungeon Overview and Level Annotations

Branches:
Dungeon (1/12)

Altars:

. ### .( ...
... # #.# ...
#.#.# ..#
#.###.#.##...#
.......Kdl...+
.#...#.##...#
#.###.# ..#
#.#.# .# #.#.#
# #.#.#'###
#.#.....###
#.#.......#
#.#.......#


You could see a leopard gecko and a kobold.


Message History

The kobold hits you but does no damage. The leopard gecko barely misses you.
You closely miss the leopard gecko. The leopard gecko barely misses you.
The kobold hits you but does no damage.
You closely miss the leopard gecko. You tail-slap the leopard gecko.
The leopard gecko is moderately wounded.
The leopard gecko barely misses you. The kobold barely misses you.
You barely miss the leopard gecko. You tail-slap the leopard gecko.
The leopard gecko is heavily wounded.
The leopard gecko bites you but does no damage.
The kobold hits you with a +0 dagger.
* * * LOW HITPOINT WARNING * * *
You closely miss the leopard gecko.
The leopard gecko is heavily wounded.
The leopard gecko barely misses you. The kobold hits you but does no damage.
You closely miss the leopard gecko.
The leopard gecko is heavily wounded.
The leopard gecko misses you. The kobold hits you with a +0 dagger.
* * * LOW HITPOINT WARNING * * *
The leopard gecko bites you.
* * * LOW HITPOINT WARNING * * *
You barely miss the leopard gecko.
The leopard gecko is heavily wounded.
The leopard gecko misses you. The kobold hits you but does no damage.
You hit the leopard gecko but do no damage.
The leopard gecko is heavily wounded.
The leopard gecko misses you. The kobold barely misses you.
You hit the leopard gecko but do no damage.
The leopard gecko is heavily wounded.
The leopard gecko bites you.
You die...

Action                   || total
-------------------------++-------
Melee: Unarmed           ||    12
       Tailslap          ||     2
 Cast: Sting             ||     6
Armor: Skin              ||     4
Dodge: Dodged            ||    11

Levels and vault maps discovered:
D:1:      dpeg_arrival_ratfight, layout_basic, minmay_misc_feat_cross,
          minmay_misc_feat_rugged, minmay_tetromino_o4

Notes
Turn   | Place    | Note
-------+----------+-------------------------------------------
     0 | D:1      | Dracia the Draconian Venom Mage began the quest for the
                  | Orb.
     0 | D:1      | Reached XP level 1. HP: 14/14 MP: 3/3
   113 | D:1      | Slain by a leopard gecko

Vanquished Creatures
  A ball python (D:1)
  A goblin (D:1)
  A hobgoblin (D:1)
  A rat (D:1)
4 creatures vanquished.
